[Event "Team 45 45 League T34"]
[Site "Internet Chess Club"]
[Date "2007.08.04"]
[Round "3"]
[White "IceBox"]
[Black "StrayLite"]
[Result "0-1"]
[WhiteElo "1677"]
[BlackElo "1973"]
[Opening "Nimzo-Indian: three knights variation"]
[ECO "E21"]
[Time "17:02:12"]
[TimeControl "2700+45"]

1. d4 Nf6 2. c4 e6 3. Nf3 Bb4+ 4. Nc3 b6 5. g3 Bb7 6. Bg2 h6 7. O-O Bxc3 8. bxc3
Qc8 9. Ba3 Be4 10. Nd2 Bxg2 11. Kxg2 Qa6 12. Qb3 d6 13. Qb5+ Qxb5 14. cxb5 a6
15. bxa6 Rxa6 16. Bb2 Ke7 17. c4 c5 18. Nb1 cxd4 19. Bxd4 Nc6 20. Bb2 Rc8 21.
Rc1 Ra4 22. f4 Na5 23. Nd2 Nxc4 24. Nxc4 Raxc4 25. Rxc4 Rxc4 26. Rc1 Rxc1 27.
Bxc1 Ne4 28. Bb2 g6 29. Bd4 b5 30. Kf3 d5 31. Ke3 h5 32. Kd3 Kd6 33. Kc2 f6 34.
Kd3 e5 35. fxe5+ fxe5 36. Bb2 Nf2+ 37. Kd2 Ng4 38. h3 Nf2 39. Ba3+ Ke6 40. Ke3
Nxh3 {White resigns} 0-1

[Event "Team 45 45 League T34"]
[Site "Internet Chess Club"]
[Date "2007.08.04"]
[Round "3"]
[White "smitty120"]
[Black "egd01"]
[Result "1-0"]
[WhiteElo "1915"]
[BlackElo "1549"]
[Opening "Sicilian: Najdorf, Byrne (English) attack"]
[ECO "B90"]
[Time "16:07:10"]
[TimeControl "2700+45"]

1. e4 c5 2. Nf3 d6 3. d4 cxd4 4. Nxd4 Nf6 5. Nc3 a6 6. Be3 Ng4 7. Bg5 h6 8. Bh4
g5 9. Bg3 Bg7 10. Qd2 b5 11. O-O-O Qc7 12. Nd5 Qd8 13. Be2 Ne5 14. h4 e6 15. Ne3
Bb7 16. f3 Nbc6 17. Nxc6 Nxc6 18. Qxd6 Qf6 19. Qd7+ Kf8 20. c3 Qe7 21. Bd6
{Black resigns} 1-0

[Event "Team 45 45 League T34"]
[Site "Internet Chess Club"]
[Date "2007.08.04"]
[Round "3"]
[White "Vannak1"]
[Black "alexcluster"]
[Result "1-0"]
[WhiteElo "1829"]
[BlackElo "1784"]
[Opening "Sicilian, Szén (`anti-Taimanov') variation"]
[ECO "B44"]
[Time "14:09:56"]
[TimeControl "2700+45"]

1. e4 c5 2. Nf3 e6 3. d4 cxd4 4. Nxd4 Nc6 5. Nb5 d6 6. Be3 a6 7. N5a3 Nf6 8. Nc4
Nxe4 9. Bb6 Qd7 10. Qf3 d5 11. Nbd2 Nxd2 12. Nxd2 Bd6 13. O-O-O Qe7 14. c4 dxc4
15. Nxc4 Bc5 16. Qc3 O-O 17. Bd3 Bxb6 18. Nxb6 Rb8 19. Rhe1 g6 20. Nd5 Qg5+ 21.
Re3 Qxd5 22. Bxg6 Qg5 23. Bxh7+ Kxh7 24. Kb1 Qf5+ 25. Ka1 f6 26. Rh3+ Kg7 27.
Qg3+ Kf7 28. Qc7+ Ke8 29. Rh7 Qe5 30. Rd8+ Nxd8 31. Qe7# {Black checkmated} 1-0

[Event "Team 45 45 League T34"]
[Site "Internet Chess Club"]
[Date "2007.08.06"]
[Round "3"]
[White "mambomex"]
[Black "PoisonIvy"]
[Result "1-0"]
[WhiteElo "1781"]
[BlackElo "1820"]
[Opening "Sicilian: Smith-Morra gambit"]
[ECO "B21"]
[Time "12:07:50"]
[TimeControl "2700+45"]

1. e4 c5 2. d4 cxd4 3. c3 dxc3 4. Nxc3 Nc6 5. Nf3 e6 6. Bc4 Nf6 7. O-O Qc7 8.
Qe2 Ng4 9. Nb5 Qb8 10. h3 h5 11. e5 Ngxe5 12. Nxe5 Nxe5 13. Bf4 d6 14. Rac1 a6
15. Bxe6 Bxe6 16. Nc7+ Ke7 17. Bxe5 dxe5 18. Qxe5 Rh6 19. Qg5+ f6 20. Qe3 f5 21.
Rfe1 Qa7 22. Qb3 b5 23. Rxe6+ Rxe6 24. Qxe6+ Kd8 25. Qe8# {Black checkmated} 1-0

[Event "Team 45 45 League T34"]
[Site "Internet Chess Club"]
[Date "2007.08.07"]
[Round "3"]
[White "rippedmonkey"]
[Black "calily"]
[Result "1-0"]
[WhiteElo "1750"]
[BlackElo "1767"]
[Opening "QGD semi-Slav"]
[ECO "D43"]
[Time "14:05:56"]
[TimeControl "2700+45"]

1. d4 Nf6 2. c4 e6 3. Nf3 d5 4. Nc3 c6 5. Bg5 h6 6. Bh4 Nbd7 7. e3 Bd6 8. c5 Be7
9. Rc1 O-O 10. h3 Re8 11. Bg3 b6 12. b4 bxc5 13. bxc5 Qa5 14. Qd2 Rb8 15. Bxb8
Nxb8 16. Bd3 Na6 17. O-O Nb4 18. Be2 Qc7 19. a3 Na6 20. Bd3 Nb8 21. Qb2 Nbd7 22.
Ne2 Ne4 23. Bxe4 dxe4 24. Nd2 f5 25. Qb3 Bf6 26. Nc4 Ba6 27. Rfe1 Rb8 28. Qa2
Kh7 29. Nd6 Nf8 30. Rb1 Bb5 31. Nc3 Bd3 32. Rxb8 Qxb8 33. Ne2 Be7 34. Nf7 Bf6
35. Nf4 Bxd4 36. Nxd3 {Black resigns} 1-0

[Event "Team 45 45 League T34"]
[Site "Internet Chess Club"]
[Date "2007.08.11"]
[Round "3"]
[White "fantanaranja"]
[Black "clarnibass"]
[Result "0-1"]
[WhiteElo "1723"]
[BlackElo "1789"]
[Opening "QGD: Ragozin variation"]
[ECO "D38"]
[Time "05:08:18"]
[TimeControl "2700+45"]

1. d4 Nf6 2. Nf3 d5 3. c4 e6 4. Nc3 Bb4 5. Bg5 h6 6. Bxf6 Qxf6 7. Qb3 c5 8. cxd5
exd5 9. e3 O-O 10. dxc5 Nc6 11. Bb5 d4 12. Bxc6 dxc3 13. Qxb4 cxb2 14. Rb1 bxc6
15. Qxb2 Qg6 16. O-O Bh3 17. Nh4 Qh5 18. Qb4 Be6 19. a4 a5 20. Qe4 Bd5 21. Qd4
Rfe8 22. Nf3 Bxf3 23. gxf3 Qxf3 24. Qf4 Qxf4 25. exf4 Re4 26. Rb6 Rxa4 27. Rxc6
Rxf4 28. Ra1 a4 29. Ra3 Rc4 30. Rc7 Ra5 31. Rc8+ Kh7 32. c6 Rac5 33. c7 Rxc7 34.
Rxc7 Rxc7 35. Rxa4 Rc5 36. Kg2 f6 37. h4 Rc3 38. Ra5 Rc7 39. h5 g6 40. hxg6+
Kxg6 41. Kg3 Re7 42. Ra4 h5 {White resigns} 0-1

[Event "Team 45 45 League T34"]
[Site "Internet Chess Club"]
[Date "2007.08.05"]
[Round "3"]
[White "John3v16"]
[Black "LoseOften"]
[Result "1-0"]
[WhiteElo "1973"]
[BlackElo "1816"]
[Opening "Sicilian: Najdorf, Opocensky variation"]
[ECO "B92"]
[Time "08:00:02"]
[TimeControl "2700+45"]

1. e4 c5 2. Nf3 d6 3. d4 cxd4 4. Nxd4 Nf6 5. Nc3 a6 6. Be2 e5 7. Nf3 h6 8. h3
Be6 9. Be3 Be7 10. O-O Nbd7 11. Nd2 d5 12. exd5 Nxd5 13. Nxd5 Bxd5 14. Nc4 Bxc4
15. Bxc4 O-O 16. Qg4 Bg5 17. Bxg5 hxg5 18. Rad1 {Black resigns} 1-0

[Event "Team 45 45 League T34"]
[Site "Internet Chess Club"]
[Date "2007.08.03"]
[Round "3"]
[White "shijith"]
[Black "ExpertLevel"]
[Result "0-1"]
[WhiteElo "1766"]
[BlackElo "1747"]
[Opening "King's Indian: Averbakh system"]
[ECO "E73"]
[Time "21:19:55"]
[TimeControl "2700+45"]

1. d4 Nf6 2. c4 g6 3. Nc3 Bg7 4. e4 d6 5. Be2 O-O 6. Bg5 h6 7. Bxf6 Bxf6 8. Nf3
c5 9. O-O cxd4 10. Nxd4 Nc6 11. Nxc6 bxc6 12. Qd2 Kh7 13. Rab1 a5 14. Rbd1 a4
15. Qc2 Qa5 16. Rb1 Bxc3 17. bxc3 f5 18. Rb4 f4 19. Qd2 Qg5 20. Rfb1 Bh3 21. Bf3
c5 22. Rb7 Be6 23. Qxd6 Bxc4 24. Rxe7+ Kg8 25. Rb6 Bf7 26. Re5 Qd8 27. Rxc5 Qxb6
28. Qxb6 Rab8 29. Qd6 Rfd8 30. Qxd8+ Rxd8 31. a3 Rb8 32. g3 Rb3 33. gxf4 Rxa3
34. Kg2 Ra1 35. f5 gxf5 36. Rxf5 a3 37. Bh5 Bb3 38. Rb5 Rb1 39. Rb8+ Kg7 40.
Rb7+ Kf6 41. Rb6+ Ke5 42. Rb5+ Kd6 43. e5+ Kc6 44. c4 a2 45. Bf3+ Kd7 46. Ra5
a1=Q 47. Rxa1 Rxa1 48. Bd5 Rc1 49. e6+ Ke7 50. f4 Bxc4 51. Bxc4 Rxc4 {White
resigns} 0-1

[Event "Team 45 45 League T34"]
[Site "Internet Chess Club"]
[Date "2007.08.04"]
[Round "3"]
[White "dondel"]
[Black "hansolo1000"]
[Result "0-1"]
[WhiteElo "1596"]
[BlackElo "1782"]
[Opening "Sicilian defense"]
[ECO "B20"]
[Time "22:06:47"]
[TimeControl "2700+45"]

1. e4 c5 2. Bc4 e6 3. Nf3 d6 4. Nc3 Be7 5. d3 Nf6 6. h3 a6 7. Be3 b5 8. Bb3 O-O
9. Ne2 Qc7 10. c4 Nc6 11. a3 Rd8 12. Ng3 d5 13. cxd5 exd5 14. exd5 Nxd5 15. Bd2
Bf6 16. Rb1 Nd4 17. Nxd4 Bxd4 18. O-O Qxg3 19. Qf3 Qxf3 20. gxf3 Bxh3 21. Rfe1
Be6 22. Bxd5 Rxd5 23. b4 Rad8 24. Re2 h6 25. Kg2 Bf5 26. Rb3 c4 27. dxc4 bxc4
28. Rb1 Bxb1 {White resigns} 0-1

[Event "Team 45 45 League T34"]
[Site "Internet Chess Club"]
[Date "2007.08.06"]
[Round "3"]
[White "Stav"]
[Black "OGO"]
[Result "0-1"]
[WhiteElo "1626"]
[BlackElo "1674"]
[Opening "Queen's pawn game"]
[ECO "A45"]
[Time "15:57:06"]
[TimeControl "2700+45"]

1. d4 Nf6 2. e3 b6 3. f4 Bb7 4. Nf3 d6 5. Bd3 Nbd7 6. O-O e6 7. Bd2 Be7 8. Be1
O-O 9. Bh4 Rc8 10. Nbd2 c5 11. c3 a6 12. e4 cxd4 13. cxd4 Ng4 14. Bxe7 Qxe7 15.
Qe2 Ngf6 16. e5 dxe5 17. fxe5 Nd5 18. Qe4 g6 19. h4 f5 20. exf6 N7xf6 21. Qe5
Ng4 22. Qg3 Ngf6 23. Ne5 Nh5 24. Nxg6 Nxg3 25. Nxe7+ Nxe7 26. Rfe1 Bd5 27. Re5
Rf7 28. Kh2 Ngf5 29. g3 b5 30. Ne4 Bxe4 31. Bxe4 Nxd4 32. Rd1 Rd8 33. Kh3 Ndc6
34. Rg5+ Rg7 35. Rxd8+ Nxd8 36. Bb7 Nxb7 {White resigns} 0-1